 Dungeon Crawl Stone Soup version 0.23-a0-636-g0ff6057 (webtiles) character file.

248 Matador8 the Slasher (level 5, -5/45 HPs)
             Began as a Draconian Wanderer on Dec 28, 2018.
             Was an Initiate of Ashenzari.
             Slain by an ogre
             ... wielding a +0 giant club
              (26 damage)
             ... on level 4 of the Dungeon.
             The game lasted 00:10:38 (3035 turns).

Matador8 the Slasher (Draconian Wanderer)           Turns: 3035, Time: 00:10:39

Health: -5/45      AC:  5    Str: 12    XL:     5   Next: 86%
Magic:  8/8        EV: 11    Int: 12    God:    Ashenzari [......]
Gold:   188        SH:  0    Dex: 14    Spells: 8/8 levels left

rFire    . . .     SeeInvis .   a - +2 falchion
rCold    . . .     Gourm    .   (no shield)
rNeg     . . .     Faith    .   (armour unavailable)
rPois    .         Spirit   .   (helmet restricted)
rElec    .         Reflect  .   (no cloak)
rCorr    .         Harm     .   (no gloves)
MR       .....                  (no boots)
Stlth    ++........             (no amulet)
HPRegen  0.15/turn              (no ring)
MPRegen  0.11/turn              (no ring)

@: lethally poisoned (-5 -> -6)
A: unfitting armour, cold-blooded, AC +5
a: Curse Item, Renounce Religion


You were on level 4 of the Dungeon.
You worshipped Ashenzari.
Ashenzari was noncommittal.
You were not hungry.

You visited 1 branch of the dungeon, and saw 4 of its levels.

You collected 188 gold pieces.

Inventory:

Hand Weapons
 a - a +2 falchion (weapon)
 d - a +0 dagger
 e - a +0 falchion of holy wrath
 r - a +0 great sword
Scrolls
 h - 5 scrolls of identify
 i - 2 scrolls of remove curse
 k - a scroll of random uselessness {unknown}
 l - a scroll of enchant weapon {unknown}
 n - a scroll of teleportation {unknown}
 p - a scroll of enchant armour {unknown}
 q - a scroll of blinking {unknown}
Potions
 b - a potion of curing
 c - a potion of lignification
 g - a potion of haste {unknown}
 m - a potion of might {unknown}
 o - 2 potions of flight
Comestibles
 f - 5 rations
 j - 2 chunks of flesh


   Skills:
 - Level 3.2 Fighting
 + Level 6.2 Long Blades
 - Level 1.7 Stealth
 - Level 2.0 Spellcasting
   Level 1.0 Conjurations


You had 8 spell levels left.
You didn't know any spells.
Your spell library was empty.

Dungeon Overview and Level Annotations

Branches:
Dungeon (4/15)
 Temple: D:4-7

Altars:
Ashenzari
Kikubaaqudgha
The Shining One

Annotations:
D:2 Sigmund


Innate Abilities, Weirdness & Mutations

Your plain brown scales are hard. (AC +5)
You cannot fit into any form of body armour.
You are cold-blooded and may be slowed by cold attacks.


Message History

You feel sick.
The orc wizard points at you and mumbles some strange words.
The magic dart hits you!
You hit the orc priest.
The orc priest is lightly wounded.
The orc priest invokes the aid of Beogh against you.
Pain shoots through your body!
You hit the orc priest.
The orc priest is heavily wounded.
You feel sick.
The orc priest hits you with a +0 dagger.
You hit the orc priest.
You tail-slap the orc priest, but do no damage.
The orc priest is almost dead.
The orc priest barely misses you.
You hit the orc priest.
You kill the orc priest!
The ogre hits you with a +0 giant club!!
Ouch! That really hurt!
You die...

... .........#..# #.#
.._ #O.#####....### #.
...#..#....###...# #
...##.#..#.###.#....###
............###.......#
.##.#.#.O..............
#.#..##.###.......## .
......#)# ###...### .
..#.##..#@# ...# #.#.
#..O.# #.## # . ##.###
.# . ### .# ∩


You could see an ogre.

Vanquished Creatures
  A hound (D:4)
  An orc priest (D:4)
  2 worker ants
  6 adders
  2 worms (D:3)
  2 dart slugs
  A leopard gecko (D:4)
  8 orcs
  4 bats
  13 giant cockroaches
  7 goblins
  5 hobgoblins
  2 quokkas (D:3)
  A ball python (D:3)
  3 frilled lizards
  6 kobolds
  3 rats
67 creatures vanquished.

Notes
Turn   | Place    | Note
-------+----------+-------------------------------------------
     0 | D:1      | Matador8 the Draconian Wanderer began the quest for the
                  | Orb.
     0 | D:1      | Matador8 set off with the following items: a +2 falchion, a
                  | potion of curing, a potion of lignification, a +0 dagger, a
                  | ration
     0 | D:1      | Reached XP level 1. HP: 19/19 MP: 3/3
     4 | D:1      | You fall through a shaft!
    14 | D:2      | Found a faded altar of an unknown god.
   307 | D:1      | Reached XP level 2. HP: 19/26 MP: 5/5
   536 | D:2      | Reached skill level 3 in Long Blades
   656 | D:2      | Reached XP level 3. HP: 29/31 MP: 6/6
   984 | D:2      | Noticed Sigmund
  1340 | D:2      | Reached skill level 4 in Long Blades
  1627 | D:3      | Found a shattered altar of Ashenzari.
  1640 | D:3      | Reached XP level 4. HP: 29/38 MP: 7/7
  1696 | D:3      | Reached skill level 5 in Long Blades
  1891 | D:3      | Found an ancient bone altar of Kikubaaqudgha.
  2169 | D:3      | Reached XP level 5. HP: 43/45 MP: 8/8
  2810 | D:3      | Became a worshipper of Ashenzari the Shackled
  3017 | D:4      | Reached skill level 6 in Long Blades
  3019 | D:4      | Found a glowing golden altar of the Shining One.
  3022 | D:4      | Noticed an ogre
  3035 | D:4      | Slain by an ogre

Vault maps used:
D:1:      ncdulo_halloftheorcs
D:2:      first_ration, chequers_ecumenical_altar_simple_redux, uniq_sigmund
D:3:      minmay_roachtagon, kiku_gazebo_pond_becter, ashenzari_altar_1,
          serial_bayou, serial_bayou_ford_a, serial_bayou_pond_c,
          serial_bayou_shore_b, serial_bayou_pond_e
D:4:      cheibrodos_barr_body, nemelex_xobeh_ov_fountains_minmay,
          chequers_temple_overflow_statue_of_worship,
          lemuel_coloured_pillars_altar, portal_sewer_entry_d, xom_teletrap_fun

Skill      XL: |  1  2  3  4  5 |
---------------+----------------+-----
Long Blades    | 3 4 5 6 |  6.2
Fighting       | |  3.2
Stealth        | |  1.7
Spellcasting   | |  2.0
Conjurations   | |  1.0

Action                   |  1- 3 |  4- 6 || total
-------------------------+-------+-------++-------
Melee: Falchion          |    70 |   138 ||   208
       Tailslap          |     9 |    18 ||    27
  Use: Potion            |     1 |       ||     1
       Scroll            |       |     1 ||     1
 Stab: Sleeping          |     5 |     1 ||     6
  Eat: Chunk             |     2 |     5 ||     7
Armor: Skin              |    27 |    37 ||    64
Dodge: Dodged            |    47 |    65 ||   112
       Rpst.: Falchion   |    16 |    17 ||    33

Table legend:
 A = Non-vault XP
 B = Vault XP
 C = Vault XP percentage of total XP
 D = Non-vault monster count
 E = Vault monster count
 F = Vault count percentage of total count
                 A         B        C        D         E       F
            +---------+---------+-------+---------+---------+-------
      Total |     335 |      20 |   5.6 |      57 |      10 |  14.9
            +---------+---------+-------+---------+---------+-------
        D:1 |      19 |       0 |   0.0 |      10 |       0 |   0.0
        D:2 |      56 |       4 |   6.7 |      17 |       2 |  10.5
        D:3 |     127 |      16 |  11.2 |      25 |       8 |  24.2
        D:4 |     133 |       0 |   0.0 |       5 |       0 |   0.0
            +---------+---------+-------+---------+---------+-------
